 Dungeon Crawl Stone Soup version 0.16.2-12-gd0ad4c3 (webtiles) character file.

7007 faibistes the Thaumaturge (level 10, -2/59 HPs)
             Began as a Deep Elf Wizard on Dec 15, 2018.
             Was a Priest of Sif Muna.
             Slain by a basilisk (4 damage)
             ... on level 11 of the Dungeon.
             The game lasted 00:38:38 (15781 turns).

faibistes the Thaumaturge (Deep Elf Wizard)        Turns: 15781, Time: 00:38:39

Health: -2/59      AC: 10    Str:  7    XL:     10   Next: 82%
Magic:  42/42      EV:  2    Int: 27    God:    Sif Muna [***...]
Gold:   141        SH:  0    Dex: 13    Spells: 7 memorised, 16 levels left

rFire  . . .     SeeInvis .     w - +0 dagger (venom)
rCold  . . .     Clarity  .     a - +0 robe
rNeg   + + +     SustAb   +     (no shield)
rPois  ∞         Gourm    .     b - +0 hat
rElec  .         Spirit   .     H - +1 cloak {+Inv}
rCorr  .         Warding  .     I - +2 pair of gloves {Str+3}
rMut   .         Stasis   .     Q - +2 pair of boots {Fly}
MR     +....                    v - amulet of regeneration
Stlth  ++........               L - ring of magical power
                                i - ring of sustain abilities

@: petrified, flying, repel missiles, somewhat resistant to hostile
enchantments, unstealthy
A: no striking features
a: Channel Energy, Forget Spell, Renounce Religion, Evoke Invisibility, Stop
Flying


You were on level 11 of the Dungeon.
You worshipped Sif Muna.
Sif Muna was most pleased with you.
You were not hungry.

You visited 2 branches of the dungeon, and saw 12 of its levels.
You also visited: Sewer.

You collected 587 gold pieces.
You spent 446 gold pieces at shops.

Inventory:

Hand weapons
 r - a +0 dagger
 w - a +0 dagger of venom (weapon)
Armour
 a - a +0 robe (worn)
 b - a +0 hat (worn)
 H - a +1 cloak of invisibility (worn)
 I - a +2 pair of gloves of strength (worn)
 Q - a +2 pair of boots of flying (worn)
Magical staves
 G - an uncursed staff of death
Jewellery
 i - a ring of sustain abilities (left hand)
 l - an uncursed ring of ice
 v - an amulet of regeneration (around neck)
 F - an uncursed amulet of resist corrosion
 L - a ring of magical power (right hand)
Magical devices
 f - a wand of paralysis (0)
 m - a wand of draining (1)
 B - a wand of polymorph (5)
 O - a wand of enslavement (14)
 U - a wand of polymorph (16)
Scrolls
 g - a scroll of remove curse
 k - 2 scrolls of amnesia
 n - a scroll of fog
 y - 3 scrolls of fear
 C - 7 scrolls of teleportation
 D - 3 scrolls of recharging
 T - 2 scrolls of magic mapping
 V - a scroll of immolation {unknown}
Potions
 e - a potion of ambrosia
 h - 5 potions of curing
 j - 2 potions of might
 p - 5 potions of brilliance
 q - a potion of flight
 s - 2 potions of invisibility
 u - a potion of resistance {unknown}
 x - 2 potions of haste
 z - a potion of heal wounds
 A - a potion of poison {unknown}
 J - 4 potions of magic
 M - a potion of agility {unknown}
 R - a potion of cancellation {unknown}
Books
 c - a book of Minor Magic

   Spells                             Type                      Level
   a - Magic Dart                     Conjuration                  1
   b - Blink                          Translocation                2
   c - Call Imp                       Summoning                    2
   d - Repel Missiles                 Charms/Air                   2
   e - Slow                           Hexes                        2
   f - Conjure Flame                  Conjuration/Fire             3
   g - Mephitic Cloud                 Conjuration/Poison/Air       3
 t - a book of the Sky

   Spells                             Type                      Level
   a - Flight                         Charms/Air                   3
   b - Airstrike                      Air                          4
   c - Silence                        Hexes/Air                    5
   d - Deflect Missiles               Charms/Air                   6
   e - Conjure Ball Lightning         Conjuration/Air              6
   f - Tornado                        Air                          9
 N - a book of Summonings

   Spells                             Type                      Level
   a - Abjuration                     Summoning                    3
   b - Recall                         Summoning/Translocation      3
   c - Shadow Creatures               Summoning                    5
   d - Summon Demon                   Summoning                    5
   e - Summon Forest                  Summoning/Translocation      5
   f - Monstrous Menagerie            Summoning                    6
 P - Wojattus' Reference Book on Doomed Self-Knowledge
   (You found it on level 9 of the Dungeon)

   Spells                             Type                      Level
   a - Pain                           Necromancy                   1
   b - Swiftness                      Charms/Air                   2
   c - Excruciating Wounds            Charms/Necromancy            5
   d - Cigotuvi's Embrace             Necromancy                   5
   e - Deflect Missiles               Charms/Air                   6
Comestibles
 d - 5 bread rations
 o - a royal jelly
 E - 3 meat rations
 K - 28 fruits


   Skills:
 + Level 5.5 Fighting
 + Level 7.7 Dodging
 - Level 2.4 Stealth
 * Level 12.1 Spellcasting
 + Level 5.7 Conjurations
 + Level 2.6 Charms
 - Level 1.1 Summonings
 + Level 3.2 Translocations
 * Level 3.8 Fire Magic
 * Level 4.7 Air Magic
 - Level 3.1 Poison Magic
 * Level 2.4 Invocations
 + Level 5.3 Evocations


You had 16 spell levels left.
You knew the following spells:

 Your Spells              Type           Power        Failure   Level  Hunger
a - Magic Dart            Conj           ####         1%          1    None
b - Conjure Flame         Conj/Fire      #####...     1%          3    None
c - Call Imp              Summ           ###.....     3%          2    None
d - Blink                 Tloc           N/A          1%          2    None
e - Mephitic Cloud        Conj/Pois/Air  #####...     1%          3    None
f - Repel Missiles        Chrm/Air       #####.       1%          2    None
g - Airstrike             Air            #####.....   6%          4    None


Dungeon Overview and Level Annotations

Branches:
Dungeon (11/15)            Temple (1/1) D:4            Lair (0/8) D:10
    Orc: D:9-12

Altars:
Ashenzari
Cheibriados
Dithmenos
Elyvilon
Fedhas
Gozag
Kikubaaqudgha
Makhleb
Nemelex Xobeh
Okawaru
Qazlal
Ru
Sif Muna
Trog
Vehumet
Xom
Yredelemnul
Zin
The Shining One

Shops:
D:4 *%[[   D:7 *   D:8 :   D:10 :


Message History

The basilisk bites you but does no damage.
Something hits you but does no damage. Something hits you! Something hits you.
The basilisk bites you but does no damage.
Something hits you. Something hits you but does no damage.
The basilisk bites you but does no damage.
Something hits you. x2
The basilisk completely misses you. Something hits you!
* * * LOW HITPOINT WARNING * * *
Something hits you but does no damage. The basilisk bites you!
* * * LOW HITPOINT WARNING * * *
Something hits you but does no damage. The basilisk bites you!
* * * LOW HITPOINT WARNING * * *
Something hits you but does no damage.
The basilisk bites you but does no damage.
Something hits you!
* * * LOW HITPOINT WARNING * * *
The basilisk bites you!
You die...

. #.# #.#.# #.#.#
###.#.############.#
.................
###......#..#...
#...........#.####
#...@........>.###
#..#.#...l#.#..#.##.<.#
#.>............#.######
###..##........#.. ...
##$.#.##.#### ##.
........... ....
#....#..#. .....
#.!..##....
..D....#....#..#..


You could see a basilisk.

Vanquished Creatures
  Joseph (D:8)
  A troll (D:10)
  2 polar bears (D:9)
  Prince Ribbit (D:8)
  4 wandering mushrooms (D:10)
  4 yaks (D:10)
  Edmund (D:6)
  Menkaure (D:4)
  A wolf (D:9)
  An orc warrior (D:7)
  3 water moccasins
  4 ice beasts
  7 centaurs
  4 sky beasts
  7 phantoms
  3 big kobolds
  2 ogres (D:8)
  3 giant frogs
  2 oklob saplings (D:10)
  A quasit (D:9)
  2 crimson imps
  A centaur zombie (D:8)
  A jelly (D:9)
  2 orc priests
  4 hounds
  2 orc wizards (D:4)
  8 worker ants
  2 centaur skeletons
  2 giant frog skeletons
  A gnoll shaman (D:8)
  An iguana (D:7)
  Ijyb (D:2)
  A wasp simulacrum (D:9)
  A hound zombie (D:10)
  Terence (D:3)
  A hound skeleton (D:10)
  A killer bee simulacrum (D:9)
  3 gnolls (D:8)
  2 river rats (D:5)
  3 shadow imps
  15 adders
  2 giant mites (D:5)
  2 white imps (D:9)
  An adder zombie (D:9)
  3 adder skeletons
  An ooze (D:5)
  30 orcs
  4 ball pythons
  A bat skeleton (D:4)
  8 giant cockroaches
  13 goblins
  18 hobgoblins
  15 jackals
  37 kobolds
  2 quokkas (D:6)
  14 bats
  6 giant geckos
  3 giant gecko skeletons
  6 giant newts
  A giant spore (D:7)
  A quokka zombie (D:5)
  22 rats
  A ballistomycete (D:7)
299 creatures vanquished.

Vanquished Creatures (collateral kills)
  A crimson imp (D:7)
  An iguana (D:7)
  A worm (D:2)
  A hobgoblin (D:7)
  A giant gecko zombie (D:7)
  3 jackals (D:1)
  A rat (D:7)
9 creatures vanquished.

Vanquished Creatures (others)
  2 crimson imps
  A white imp (D:7)
  A kobold (D:8)
  A quokka (D:6)
5 creatures vanquished.

Grand Total: 313 creatures vanquished

Notes
Turn   | Place    | Note
--------------------------------------------------------------
     0 | D:1      | faibistes, the Deep Elf Wizard, began the quest for the Orb.
     0 | D:1      | Reached XP level 1. HP: 10/10 MP: 6/6
   369 | D:1      | Reached XP level 2. HP: 15/15 MP: 5/10
   374 | D:1      | Learned a level 2 spell: Blink
   406 | D:1      | Learned a level 2 spell: Call Imp
   753 | D:2      | Noticed Terence
  1061 | D:1      | Reached XP level 3. HP: 19/19 MP: 11/13
  1066 | D:1      | Learned a level 3 spell: Conjure Flame
  1070 | D:1      | Learned a level 3 spell: Mephitic Cloud
  1285 | D:2      | Noticed Ijyb
  1477 | D:2      | Killed Ijyb
  1477 | D:2      | Reached skill level 5 in Spellcasting
  1790 | D:2      | Reached XP level 4. HP: 22/24 MP: 9/17
  1811 | D:2      | Learned a level 2 spell: Repel Missiles
  1897 | D:2      | Found a blossoming altar of Fedhas.
  2334 | D:4      | Found Shujac's Food Boutique.
  2338 | D:5      | Entered Level 5 of the Dungeon
  2512 | D:5      | Reached XP level 5. HP: 28/28 MP: 7/20
  2595 | D:5      | Found a glowing drain.
  2649 | Sewer    | Entered a sewer
  2726 | Sewer    | Reached skill level 6 in Spellcasting
  3465 | Sewer    | Learned a level 3 spell: Flight
  3713 | D:4      | Found Taotuish's Antique Armour Shoppe.
  4574 | D:3      | Killed Terence
  5042 | D:4      | Reached XP level 6. HP: 21/32 MP: 9/22
  5211 | D:4      | Found Schiar's Armour Emporium.
  5298 | D:4      | Found a staircase to the Ecumenical Temple.
  5302 | D:4      | Noticed Menkaure
  5503 | Temple   | Entered the Ecumenical Temple
  5724 | D:4      | Killed Menkaure
  5724 | D:4      | Reached skill level 7 in Spellcasting
  6125 | D:4      | Found a shattered altar of Ashenzari.
  6220 | D:4      | Reached XP level 7. HP: 33/37 MP: 13/25
  6304 | D:4      | Found Datics' General Store.
  6324 | D:4      | Reached skill level 1 in Fighting
  6324 | D:4      | Reached skill level 1 in Evocations
  6662 | D:4      | Bought a glowing cloak for 94 gold pieces
  6662 | D:4      | Bought a pair of embroidered gloves for 94 gold pieces
  7453 | D:5      | Noticed a centaur
  7473 | D:5      | Killed a centaur
  7473 | D:5      | Reached skill level 8 in Spellcasting
  8255 | D:6      | Found a white marble altar of Elyvilon.
  8445 | D:6      | Reached skill level 5 in Dodging
  8602 | D:9      | Reached XP level 8. HP: 44/46 MP: 18/27
  8703 | D:8      | Noticed Prince Ribbit
  9009 | D:8      | Found Cyitehof's Book Shop.
  9082 | D:8      | Killed Prince Ribbit
  9082 | D:8      | Reached skill level 9 in Spellcasting
  9241 | D:7      | Found a shattered altar of Ashenzari.
  9320 | D:7      | Found Zin's Purification Station.
  9321 | D:7      | Found a glowing silver altar of Zin.
  9832 | D:7      | Reached skill level 10 in Spellcasting
  9926 | D:7      | Reached XP level 9. HP: 50/52 MP: 29/30
 10368 | D:8      | Noticed Joseph
 10397 | D:8      | Paralysed by Joseph for 7 turns
 10405 | D:8      | Paralysed by Joseph for 4 turns
 10420 | D:8      | Killed Joseph
 10420 | D:8      | Reached skill level 5 in Fighting
 10915 | D:8      | Reached skill level 5 in Evocations
 11013 | D:8      | Found an ancient bone altar of Kikubaaqudgha.
 11017 | D:8      | Found a deep blue altar of Sif Muna.
 11025 | D:8      | Became a worshipper of Sif Muna the Loreminder
 11030 | D:8      | Found a shadowy altar of Dithmenos.
 11147 | D:9      | Reached skill level 11 in Spellcasting
 11279 | D:9      | Reached skill level 1 in Air Magic
 11279 | D:9      | Reached skill level 1 in Poison Magic
 11290 | D:9      | Reached skill level 1 in Fire Magic
 11363 | D:10     | Entered Level 10 of the Dungeon
 11510 | D:10     | Found a staircase to the Lair.
 11587 | D:10     | Acquired Sif Muna's first power
 12131 | D:9      | Reached XP level 10. HP: 56/59 MP: 32/32
 12196 | D:9      | Identified Wojattus' Reference Book on Doomed Self-Knowledge
 12518 | D:9      | Learned a level 4 spell: Airstrike
 12578 | D:9      | Reached skill level 5 in Conjurations
 12745 | D:4      | Bought a +2 pair of boots of flying for 258 gold pieces
 12867 | D:6      | Noticed Edmund
 12872 | D:6      | Killed Edmund
 13483 | D:9      | Acquired Sif Muna's second power
 13603 | D:9      | Noticed a polar bear
 13615 | D:9      | Killed a polar bear
 13616 | D:9      | Noticed a polar bear
 13629 | D:9      | Killed a polar bear
 14233 | D:10     | Found Blixzehis' Book Shop.
 14309 | D:10     | Reached skill level 1 in Charms
 14391 | D:10     | Reached skill level 1 in Invocations
 14865 | D:10     | Reached skill level 12 in Spellcasting
 14979 | D:10     | Found a blossoming altar of Fedhas.
 15781 | D:11     | HP: 2/59 [something (4)]
 15781 | D:11     | Slain by a basilisk

Action                   |  1- 3 |  4- 6 |  7- 9 | 10-12 || total
-------------------------+-------+-------+-------+-------++-------
Melee: Club              |     3 |     1 |     1 |       ||     5
       Dagger            |       |       |       |     9 ||     9
 Cast: Magic Dart        |    72 |   252 |   473 |   105 ||   902
       Call Imp          |     8 |     1 |     5 |       ||    14
       Conjure Flame     |     3 |     2 |    27 |    34 ||    66
       Mephitic Cloud    |     2 |     5 |    23 |     6 ||    36
       Repel Missiles    |       |     2 |     6 |     1 ||     9
       Flight            |       |     3 |       |       ||     3
       Blink             |       |     1 |     3 |     2 ||     6
       Airstrike         |       |       |       |    49 ||    49
Invok: Channel Energy    |       |       |       |     3 ||     3
  Use: Scroll            |     4 |     8 |     8 |       ||    20
       Potion            |       |       |     1 |       ||     1
 Stab: Confused          |     2 |       |       |     2 ||     4
       Sleeping          |       |       |       |     1 ||     1
  Eat: Chunk             |     3 |    13 |    16 |    10 ||    42
       Fruit             |       |       |     2 |     3 ||     5
